 Dungeon Crawl Stone Soup version 0.16-a0-4038-ge07a62f (webtiles) character file.

301 Ololoev the Chopper (level 6, -8/50 HPs)
             Began as a Hill Orc Gladiator on Feb 19, 2015.
             Was an Initiate of Beogh.
             Mangled by a gnoll
             ... wielding a +0 halberd
              (13 damage)
             ... on level 2 of the Dungeon.
             The game lasted 00:04:07 (2016 turns).

Ololoev the Chopper (Hill Orc Gladiator)            Turns: 2016, Time: 00:04:07

Health: -8/50      AC:  8    Str: 20    XL:     6   Next: 37%
Magic:  6/6        EV: 10    Int:  8    God:    Beogh [......]
Gold:   134        SH:  0    Dex: 11    Spells: 0 memorised, 5 levels left

rFire  . . .     SeeInvis .     a - +0 war axe
rCold  . . .     Clarity  .     e - +0 scale mail
rNeg   . . .     SustAb   .     (no shield)
rPois  .         Gourm    .     c - +0 helmet
rElec  .         Spirit   .     (no cloak)
rCorr  +         Warding  .     (no gloves)
rMut   .         Stasis   .     (no boots)
MR     .....                    t - amulet of resist corrosion
Stlth  ..........               (no ring)
                                (no ring)

@: about to teleport, not resistant to hostile enchantments, extremely
unstealthy
A: no striking features
a: Renounce Religion


You were on level 2 of the Dungeon.
You worshipped Beogh.
Beogh was noncommittal.
You were not hungry.

You visited 1 branch of the dungeon, and saw 5 of its levels.

You collected 134 gold pieces.

Notes
Turn   | Place    | Note
--------------------------------------------------------------
     0 | D:1      | Ololoev, the Hill Orc Gladiator, began the quest for the Orb.
     0 | D:1      | Reached XP level 1. HP: 18/18 MP: 1/1
   199 | D:1      | Reached XP level 2. HP: 25/25 MP: 2/2
   216 | D:1      | Reached skill level 1 in Armour
   543 | D:2      | Reached XP level 3. HP: 22/30 MP: 3/3
   550 | D:2      | Reached skill level 5 in Axes
   875 | D:4      | Reached XP level 4. HP: 25/37 MP: 4/4
  1036 | D:4      | Noticed an ogre
  1042 | D:4      | Killed an ogre
  1042 | D:4      | Reached skill level 6 in Axes
  1042 | D:4      | Reached XP level 5. HP: 42/42 MP: 5/5
  1245 | D:4      | Found a staircase to the Ecumenical Temple.
  1268 | D:4      | Noticed a scorpion
  1277 | D:4      | Killed a scorpion
  1277 | D:4      | Reached skill level 7 in Axes
  1468 | D:5      | Entered Level 5 of the Dungeon
  1500 | D:5      | Noticed Edmund
  1545 | D:4      | Became a worshipper of Beogh the Brigand
  1680 | D:4      | Reached XP level 6. HP: 36/50 MP: 6/6
  2016 | D:2      | Mangled by a gnoll

Inventory:

Hand weapons
 a - a +0 war axe (weapon)
Missiles
 d - 2 throwing nets (quivered)
Armour
 c - a +0 helmet (worn)
 e - a +0 scale mail (worn)
Jewellery
 t - an amulet of resist corrosion (around neck)
Scrolls
 i - a scroll of noise {unknown}
 j - a scroll of magic mapping {unknown}
 k - 2 scrolls of remove curse {unknown}
 o - 2 scrolls of fear {unknown}
 r - 2 scrolls of teleportation
 w - a scroll of identify {unknown}
 x - a scroll of recharging {unknown}
Potions
 b - a potion of restore abilities {unknown}
 h - a potion of magic {unknown}
 l - 2 potions of curing {unknown}
 m - 2 potions of heal wounds {unknown}
 n - 2 potions of brilliance {unknown}
 p - a potion of cancellation {unknown}
 s - a potion of haste {unknown}
 v - a potion of might {unknown}
 z - a potion of agility {unknown}
Comestibles
 f - a meat ration
 g - 2 beef jerkies
 q - a bread ration

Table legend:
 A = Turns spent in this place as a percentage of turns spent in the entire game.
 B = Non-inter-level travel turns spent in this place as a percentage of non-inter-level travel turns spent in the entire game.
 C = Inter-level travel turns spent in this place as a percentage of turns spent in this place.
 D = Turns resting spent in this place as a percentage of non-inter-level travel turns spent in this place.
 E = Turns spent auto-exploring this place as a percentage of non-inter-level travel turns spent in this place.
 F = Non-inter-level travel turns spent in this place divided by the number of levels of this place that you've seen.
                   A       B       C       D       E      F
               +-------+-------+-------+-------+-------+----------------------
         Total | 100.0 | 100.0 |   0.5 |   0.7 |   9.0 | 231.0
       Dungeon | 100.0 | 100.0 |   0.5 |   0.7 |   9.0 | 231.0
               +-------+-------+-------+-------+-------+----------------------


   Skills:
 - Level 2.4 Fighting
 * Level 7.7 Axes
 - Level 2.0 Throwing
 + Level 3.8 Armour
 - Level 2.4 Dodging


You had 5 spell levels left.
You didn't know any spells.

Dungeon Overview and Level Annotations

Branches:
Dungeon (5/15)             Temple (0/1) D:4

Altars:

Annotations:
D:5 Edmund


Message History

You closely miss the gnoll. The gnoll hits you with a halberd!
You are too injured to fight recklessly!
You are too injured to fight recklessly!
You are too injured to fight recklessly!
You are too injured to fight recklessly!
You are too injured to fight recklessly!
You are too injured to fight recklessly!
You are too injured to fight recklessly!
You are too injured to fight recklessly!
You are too injured to fight recklessly!
You are too injured to fight recklessly!
You are too injured to fight recklessly!
You are too injured to fight recklessly!
You are too injured to fight recklessly!
You are too injured to fight recklessly!
You are too injured to fight recklessly!
You are too injured to fight recklessly!
You are too injured to fight recklessly!
You are too injured to fight recklessly!
You are too injured to fight recklessly!
You are too injured to fight recklessly!
You hit the gnoll.
The gnoll is lightly wounded.
The gnoll hits you with a halberd.
You barely miss the gnoll.
The gnoll is lightly wounded.
The gnoll hits you with a halberd.
You hit the gnoll.
The gnoll is moderately wounded.
The gnoll hits you with a halberd!
You barely miss the gnoll.
The gnoll is moderately wounded.
Your scale mail prevents you from hitting the gnoll.
The gnoll is moderately wounded.
The gnoll barely misses you.
Read which item? (? for menu, Esc to quit)
As you read the scroll labeled CHOELY NONAWE, it crumbles to dust.
You feel strangely unstable.
It was a scroll of teleportation.
The gnoll hits you with a halberd!
You die...

#......................÷.
##.>.....................
#...........############
#.....#.###.# ......#.
#####.#.# #.# .......#+
#.#.###.# ..........
#)#.....# ..........
#.#######...........
#..@gg..+........†..
#########...........
.............
.........†.##
........†...#
............#
.....###.#### ... #.# #.#


You could see 2 gnolls.

Table legend:
 A = Kills in this place as a percentage of kills in entire the game.
 B = Kills by you in this place as a percentage of kills by you in the entire game.
 C = Kills by friends in this place as a percentage of kills by friends in the entire game.
 D = Other kills in this place as a percentage of other kills in the entire game.
 E = Experience gained in this place as a percentage of experience gained in the entire game.
 F = Experience gained in this place divided by the number of levels of this place that you have seen.
                   A       B       C       D       E      F
               +-------+-------+-------+-------+-------+----------------------
         Total | 100.0 | 100.0 |  -nan |  -nan | 100.0 |  86.2
       Dungeon | 100.0 | 100.0 |  -nan |  -nan | 100.0 |  86.2
               +-------+-------+-------+-------+-------+----------------------

Vanquished Creatures
  An ogre (D:4)
  A scorpion (D:4)
  A hound (D:4)
  An iguana (D:4)
  A hound skeleton (D:4)
  4 adders (D:2)
  2 gnolls (D:2)
  2 worms
  2 giant geckos
  An orc (D:4)
  3 giant cockroaches
  2 goblins (D:1)
  A hobgoblin (D:2)
  4 jackals (D:2)
  4 kobolds
  2 quokkas (D:2)
  A ball python (D:1)
  7 bats
  2 giant newts
  10 rats
52 creatures vanquished.

Vanquished Creatures (others)
  3 orcs (D:4)
3 creatures vanquished.

Grand Total: 55 creatures vanquished

Action                   |  1- 3 |  4- 6 || total
-------------------------+-------+-------++-------
Melee: War axe           |    96 |    96 ||   192
Throw: Throwing net      |       |     1 ||     1
Invok: Convert to Beogh  |       |     1 ||     1
  Use: Scroll            |       |     1 ||     1
 Stab: Held in net/web   |       |     2 ||     2
  Eat: Chunk             |       |     4 ||     4

Vault maps used:
D:1:      minmay_arrival_stone_box
D:2:      first_bread
D:4:      temple_statues, uniq_blork_the_orc
D:5:      uniq_prince_ribbit1, uniq_edmund
